 Dungeon Crawl Stone Soup version 0.30.0-29-ga12c61a403 (webtiles) character file.

Game seed: 1915823624304089412

4806 Fecro the Covert (level 10, 0/49 HPs)
             Began as a Spriggan Brigand on June 12, 2023.
             Was a Believer of Dithmenos.
             Succumbed to barbed spike wounds
             ... on level 10 of the Dungeon.
             The game lasted 00:58:52 (9301 turns).

Fecro the Covert (Spriggan Brigand)                 Turns: 9301, Time: 00:58:52

Health: 0/49       AC:  3    Str: 13    XL:     10   Next: 24%
Magic:  20/20      EV: 20    Int: 13    God:    Dithmenos [**....]
Gold:   559        SH:  0    Dex: 21    Spells: 21/21 levels left

rFire   . . .        o - +2 dagger (freeze)
rCold   . . .        (no shield)
rNeg    . . .        b - +0 robe
rPois   .            (helmet restricted)
rElec   .            c - +0 cloak
rCorr   .            (gloves unavailable)
SInv    +            (boots unavailable)
Will    +....        (no amulet)
Stlth   ++++++++     i - +6 ring of strength
HPRegen 0.28/turn    (no ring)
MPRegen 0.17/turn

%: no passive effects
@: spiked, wreathed by umbra, very quick
A: very small, no large weapons, unfitting armour, see invisible, speed 3
a: Renounce Religion, Shadow Step


You were on level 10 of the Dungeon.
You worshipped Dithmenos.
Dithmenos was pleased with you.
You visited 1 branch of the dungeon, and saw 10 of its levels.

You collected 559 gold pieces.

Inventory:

Hand Weapons
 o - a +2 dagger of freezing (weapon)
 F - a +0 sling
Missiles
 d - 14 poisoned darts (quivered)
 e - 2 curare-tipped darts
 G - 5 boomerangs
Armour
 b - a +0 robe (worn)
 c - a +0 cloak (worn)
Jewellery
 i - a +6 ring of strength (left hand)
 m - an amulet of reflection
Wands
 y - a wand of mindburst (7)
 C - a wand of paralysis (7)
Scrolls
 a - 5 scrolls of enchant weapon {unknown}
 f - a scroll of noise {unknown}
 g - 3 scrolls of blinking {unknown}
 h - 3 scrolls of magic mapping {unknown}
 j - 9 scrolls of identify {unknown}
 k - a scroll of immolation {unknown}
 s - 2 scrolls of vulnerability {unknown}
 u - 3 scrolls of teleportation {unknown}
 w - 2 scrolls of torment {unknown}
 A - a scroll of enchant armour {unknown}
 D - a scroll of summoning {unknown}
 I - a scroll of fog {unknown}
Potions
 l - a potion of brilliance {unknown}
 n - 5 potions of curing {unknown}
 p - 2 potions of attraction {unknown}
 q - 3 potions of degeneration {unknown}
 r - a potion of cancellation {unknown}
 t - a potion of ambrosia {unknown}
 v - 2 potions of haste {unknown}
 x - 3 potions of might {unknown}
 z - a potion of mutation {unknown}
 B - a potion of berserk rage {unknown}
 E - a potion of flight {unknown}
 H - a potion of resistance {unknown}
 J - a potion of lignification {unknown}


   Skills:
 + Level 3.4 Fighting
 + Level 6.2 Short Blades
 + Level 4.4 Ranged Weapons
 + Level 7.5 Throwing
 + Level 5.0 Dodging
 + Level 14.0 Stealth
 * Level 6.0 Spellcasting
 + Level 0.1 Evocations


You had 21 spell levels left.
You didn't know any spells.
Your spell library contained the following spells:

 Spells                   Type           Power      Damage    Failure   Level
 Lesser Beckoning         Tloc           6%         N/A       26%         2
 Gell's Gravitas          Tloc           3%         N/A       45%         3
 Teleport Other           Tloc           3%         N/A       45%         3


Dungeon Overview and Level Annotations

Branches:
Dungeon (10/15)            Temple (0/1) D:4
   Lair: D:8-11         Orc: D:9-12

Altars:
Cheibriados
Dithmenos
Kikubaaqudgha
Uskayaw
Vehumet
Zin


Innate Abilities, Weirdness & Mutations

You are very small and have problems with some larger weapons.
You are too small for most types of armour.
You have supernaturally acute eyesight. (SInv)
You cover ground extremely quickly. (Speed+++)


Message History

Found 16 gold pieces.
You now have 559 gold pieces (gained 16).
A centaur warrior, an orc knight and 2 manticores come into view.
The helpless centaur warrior fails to defend itself.
You stick the centaur warrior like a pincushion!!!!
You freeze the centaur warrior.
You kill the centaur warrior!
Dithmenos accepts your kill.
Your Dodging skill increases to level 5!
Your Stealth skill increases to level 14!
Your Spellcasting skill increases to level 6!
The orc knight shouts!
Things that are here:
a +0 shortbow; a centaur corpse The manticore flicks its tail.
The volley of spikes hits you.
The barbed spikes become lodged in your body.
The barbs in your skin will harm you if you move.
Continue? [Y]es or [N]o only, please.
The barbs in your skin will harm you if you move.
Continue?
Uppercase [Y]es or [N]o only, please.
The barbs in your skin will harm you if you move.
Continue? [Y]es or [N]o only, please.
The barbs in your skin will harm you if you move.
Continue?
Uppercase [Y]es or [N]o only, please.
The barbs in your skin will harm you if you move.
Continue?
The barbed spikes dig painfully into your body as you move.
The barbed spikes dig painfully into your body as you move.
The barbed spikes dig painfully into your body as you move.
The manticore flicks its tail.
The volley of spikes hits you!
The barbed spikes become lodged in your body.
The barbed spikes dig painfully into your body as you move.
* * * LOW HITPOINT WARNING * * *
The barbed spikes dig painfully into your body as you move.
* * * LOW HITPOINT WARNING * * *
The barbed spikes dig painfully into your body as you move.
* * * LOW HITPOINT WARNING * * *
The barbed spikes dig painfully into your body as you move.
You die...

#.<##.#..#.#
#...#.#.##.#
#...#...#♣.♣#
#...'..##...#
#...#..#♣...♣#
#...#.##..P..#
#.....#♣..♣..♣#
#....##..P.P..#
.....#♣.@.....♣
#...###..♣.♣.♣..#
..###.............
###..#..#######...
#...#...# .
.#...#..#
#...#...#
..#...#..#
##...#..H#


There were no monsters in sight!

Vanquished Creatures
  A centaur warrior (D:10)
  A troll (D:9)
  Sigmund (D:2)
  4 slime creatures (D:8)
  A wyvern (D:9)
  A water moccasin (D:7)
  A sky beast (D:8)
  4 orc warriors
  An ice beast (D:6)
  A black bear (D:6)
  3 ogres
  2 centaurs
  A phantom (D:6)
  2 kobold brigands
  2 bullfrogs (D:7)
  5 scorpions
  6 wights
  A killer bee (D:8)
  2 howler monkeys (D:8)
  A jelly (D:6)
  An orc priest (D:7)
  4 hounds
  An iguana (D:7)
  2 sleepcaps
  8 orc wizards
  Robin (D:2)
  12 gnolls
  3 adders
  A shadow imp (D:7)
  4 white imps
  2 worms
  2 dart slugs (D:2)
  21 orcs
  7 ball pythons
  10 bats
  5 endoplasms
  3 giant cockroaches
  10 goblins
  13 hobgoblins
  6 jackals
  4 quokkas
  A frilled lizard (D:1)
  17 kobolds
  2 rats
181 creatures vanquished.

Notes
Turn   | Place    | Note
-------+----------+-------------------------------------------
     0 | D:1      | Fecro the Spriggan Brigand began the quest for the Orb.
     0 | D:1      | Reached XP level 1. HP: 10/10 MP: 2/2
    54 | D:1      | Reached skill level 6 in Stealth
   137 | D:1      | Reached XP level 2. HP: 14/14 MP: 3/3
   333 | D:1      | Reached skill level 7 in Stealth
   549 | D:2      | Reached XP level 3. HP: 18/18 MP: 4/4
   802 | D:2      | Noticed Sigmund
   805 | D:2      | Killed Sigmund
   806 | D:2      | Reached skill level 9 in Stealth
   806 | D:2      | Reached skill level 1 in Spellcasting
   806 | D:2      | Reached XP level 4. HP: 23/23 MP: 4/7
   806 | D:2      | Reached XP level 5. HP: 26/26 MP: 4/8
  1006 | D:2      | Noticed Robin
  1038 | D:2      | Killed Robin
  1095 | D:2      | You fall into a shaft and drop 2 floors!
  1097 | D:4      | Found a snail-covered altar of Cheibriados.
  1152 | D:4      | Found a glowing silver altar of Zin.
  1359 | D:4      | Reached XP level 6. HP: 17/30 MP: 9/9
  1474 | D:4      | Reached skill level 10 in Stealth
  1658 | D:2      | Found a faded altar of an unknown god.
  2366 | D:3      | Found a shadowy altar of Dithmenos.
  2370 | D:3      | Became a worshipper of Dithmenos the Shadowed
  3081 | D:3      | Reached XP level 7. HP: 35/35 MP: 12/12
  3219 | D:4      | Found a staircase to the Ecumenical Temple.
  3361 | D:5      | Entered Level 5 of the Dungeon
  3709 | D:5      | Found a hide-covered altar of Uskayaw.
  3749 | D:5      | Found an ancient bone altar of Kikubaaqudgha.
  3917 | D:5      | Reached skill level 11 in Stealth
  4668 | D:6      | Reached * piety under Dithmenos
  4669 | D:6      | Reached XP level 8. HP: 39/39 MP: 14/14
  4915 | D:6      | Reached skill level 5 in Throwing
  5079 | D:6      | Reached skill level 12 in Stealth
  5145 | D:6      | Found a radiant altar of Vehumet.
  5997 | D:7      | Reached skill level 5 in Short Blades
  6041 | D:6      | Reached ** piety under Dithmenos
  6042 | D:6      | Reached skill level 1 in Ranged Weapons
  6042 | D:6      | Reached XP level 9. HP: 43/43 MP: 15/15
  7379 | D:8      | Reached skill level 13 in Stealth
  7822 | D:8      | Reached skill level 5 in Spellcasting
  8284 | D:8      | Identified the +1 kite shield "Festas" {Drain Will+++}
  8439 | D:9      | Reached XP level 10. HP: 49/49 MP: 18/18
  8623 | D:8      | Reached *** piety under Dithmenos
  9254 | D:10     | Entered Level 10 of the Dungeon
  9287 | D:10     | Noticed a centaur warrior
  9287 | D:10     | Noticed a manticore
  9287 | D:10     | Noticed an orc knight
  9287 | D:10     | Noticed a manticore
  9289 | D:10     | Killed a centaur warrior
  9290 | D:10     | Reached skill level 5 in Dodging
  9290 | D:10     | Reached skill level 14 in Stealth
  9301 | D:10     | Succumbed to barbed spike wounds

Illustrated notes

Levels and vault maps discovered:
D:1:      dreamdust_arrival_sigmund_warning, layout_rooms
D:2:      layout_loops_corners, ebering_ecumenical_altar_webs, uniq_sigmund,
          uniq_robin
D:3:      layout_loops_ring, grunt_dithmenos_smoke, serial_rivers,
          chequers_serial_rivers_marsh, chequers_serial_rivers_small_3,
          chequers_serial_rivers_micro_e, chequers_serial_rivers_micro_d,
          chequers_serial_rivers_micro_d, chequers_serial_rivers_small_a
D:4:      layout_basic, mainiacjoe_overflow_boulevard, cheibrodos_worm_habitat,
          minmay_temple_entry_gardened_gates, dreamdust_princess_corridor,
          dreamdust_gnoll_farm
D:5:      layout_gridville, nicolae_uskayaw_murder_on_the_dancefloor,
          kiku_gazebo_garden_becter
D:6:      layout_basic, nicolae_vehumet_radiance, glass_columns_a
D:7:      layout_rooms, corexii_item_surrounded_by_moat
D:8:      layout_loops_ring, nicolae_concentric_dashed_squares_mild,
          serial_park_tiny_2
D:9:      layout_loops_ring, nicolae_overflow_squiral,
          worldfamousw_hep_ancestral_shrine, hex_tiny
D:10:     minmay_the_grid_four_pointed_star_mashed
          [minmay_the_grid_triangle_9x9_zippers_horizontal,
          minmay_the_grid_triangle_9x9_empty,
          minmay_the_grid_triangle_9x9_limited_checkers,
          minmay_the_grid_triangle_9x9_shrine,
          minmay_the_grid_prize_shrinking_boxes], layout_basic,
          nicolae_yredelemnul_corpse_copse, serial_glass, glass_columns_a,
          glass_columns_a, serial_shops, shop, shop, shop_fountains,
          nicolae_square_shop, enter_bailey_3, nicolae_shop_fire_sale
          [nicolae_sub_dead_trees], minmay_checkerbox

Skill      XL: |  1  2  3  4  5  6  7  8  9 10 |
---------------+-------------------------------+-----
Stealth        | 6 7 9 10 11 12 13 14 | 14.0
Short Blades   | 3 4 5 6 |  6.2
Spellcasting   | 1 2 3 5 6 |  6.0
Dodging        | 2 3 4 5 |  5.0
Fighting       | 2 3 |  3.4
Throwing       | 3 6 7 |  7.5
Ranged Weapons | 1 4 |  4.4
Evocations     | |  0.1

Action                     |  1- 3 |  4- 6 |  7- 9 | 10-12 || total
---------------------------+-------+-------+-------+-------++-------
  Melee: Dagger            |    84 |   181 |   281 |    35 ||   581
         Punch             |     1 |       |     2 |     3 ||     6
   Fire: Shortbow          |       |       |    57 |       ||    57
  Throw: Dart              |     2 |    38 |   115 |     8 ||   163
         Boomerang         |       |       |     4 |    12 ||    16
  Evoke: Wand              |       |       |       |     2 ||     2
   Stab: Sleeping          |    16 |    20 |    17 |     4 ||    57
         Distracted        |       |       |     2 |       ||     2
 Armour: Robe              |    12 |    11 |     9 |       ||    32
  Dodge: Dodged            |    60 |   100 |   208 |    22 ||   390
